Unix NetHack Version 5.0.0-0 post-release - last build May 17 2026 04:57:42 (dc50c8380fa5e20985bfe3072449f57b8d9895ef,branch:main).

Game began 2026-05-19 00:25:48, ended 2026-05-19 02:21:32.

DaveT, lawful male human Priest

                                                                 -----
                                          -----                  |....#
  ------------         -----------..-    #|....##     -----   ###...(|#
  |..........-         |.............#####....| ######...<|   # #-----#
  |..........|        #..............* # #|...|      #|...|   # ##    #
  |.........<-##@H#####|............|  # #|...|      #|.%..####  ##   #
  |..........|         |............. ####-.---      #|...|       #   #
  ---.--------         --------|--...  #   #         #-+-|-       #   #
     #                         #       #   #         ########     #   #
     #                         #       #   #           ######     ##  #
     #                         #       #   #              # ####   #  #
     #                         #      ##   #              #   ####### #
     #                         ####   #    #              ###  `########
     #                       -----.---)   -|---      -------|------# ###
     #     ----              |.....).[#   .....######.............|  ######
     ######...|              |...[...|    ....|    # |........>...+  ###--.--
     #     |..|              |.......|    ....|      .............|    #....|
     #     ----              |.......|    .^..|      --------------     |.{{|
  ####                       ---------    -.---                         -----

DaveT the Priest             St:17 Dx:16 Co:18 In:11 Wi:18 Ch:15  Lawful
Dlvl:9  $:13488 HP:0(87) Pw:129(132) AC:-12 Xp:11 T:18525  Burdened

Latest messages:
 What do you want to take off? [bcvUX or ?*] ?
 You were wearing a blessed +2 robe.
 What do you want to take off? [cvyUX or ?*] ?
 You finish taking off your helm.
 What do you want to take off? [cvyX or ?*] X
 You finish taking off your boots.
 You feel yourself slow down.
 What do you want to wear? [bHUX or ?*] X
 You finish your dressing maneuver.
 You feel yourself speed up.
 What do you want to wear? [bHU or ?*] <space>
 Never mind.
 What do you want to take off? [cvyX or ?*] c
 You were wearing a blessed fireproof +2 small shield.
 What do you want to take off? [vyX or ?*] v
 You finish taking off your gauntlets.
 What do you want to take off? [yX or ?*] y
 You finish taking off your mail.
 What do you want to read? [jlnoEGIJLSYZ or ?*] G
 As you read the scroll, it disappears.
 Your pair of speed boots glows silver for a while.
 What do you want to wear? [bcvyHU or ?*] ?
 You finish your dressing maneuver.
 What do you want to wear? [bcvHU or ?*] b
 You are now wearing a robe.
 What do you want to wear? [cvU or ?*] c
 You are now wearing a small shield.
 What do you want to wear? [vU or ?*] v
 You finish your dressing maneuver.
 What do you want to wear? [U or ?*] U
 You finish your dressing maneuver.
 What do you want to wield? [- arCDFN or ?*] a
 a - a blessed rustproof +5 mace (weapon in right hand).
 With great effort you move the boulder.
 With great effort you move the boulder.
 You fall down the stairs.
 You notice a bovine smell.
 The minotaur hits!
 The minotaur hits again!
 The minotaur butts!
 You hit the minotaur!
 The minotaur hits!
 The minotaur hits again!
 The minotaur butts!
 You die...
 Do you want your possessions identified? [ynq] (y) y
 Do you want to see your attributes? [ynq] (y) y
 Do you want an account of creatures vanquished? [ynaq] (y) y
 Do you want to see your conduct and achievements? [ynq] (y) y
 Do you want to see the dungeon overview? [ynq] (y) y

Inventory:
 Coins    ('$')
  $ - 13488 gold pieces
 Amulets  ('"')
  d - an amulet of reflection (being worn)
  h - an amulet of unchanging
 Weapons  (')')
  D - 8 +0 silver arrows
  r - 8 +0 daggers (at the ready)
  C - the +0 Demonbane
  a - a blessed rustproof +5 mace (weapon in right hand)
 Armor    ('[')
  U - a blessed +1 helmet (being worn)
  v - a blessed +2 pair of gauntlets of dexterity (being worn)
  X - a blessed +3 pair of speed boots (being worn)
  c - a blessed fireproof +2 small shield (being worn)
  H - a blessed +2 mummy wrapping
  b - a blessed +2 robe (being worn)
  y - a blessed +1 chain mail (being worn)
 Comestibles  ('%')
  e - a clove of garlic
  k - 4 food rations
  m - 6 lizard corpses
 Scrolls  ('?')
  Y - a scroll of blank paper
  J - 3 cursed scrolls of blank paper
  o - a scroll of charging
  L - a blessed scroll of destroy armor
  E - a cursed scroll of enchant weapon
  S - a scroll of genocide
  Z - a scroll of gold detection
  I - a scroll of magic mapping
  j - a scroll of punishment
  l - a scroll of remove curse
  n - 2 scrolls of scare monster
 Potions  ('!')
  P - 2 potions of booze
  W - a potion of confusion
  O - a potion of enlightenment
  s - 2 potions of extra healing
  M - a potion of fruit juice
  T - a blessed potion of healing
  Q - a potion of healing
  B - 2 potions of levitation
  w - a potion of monster detection
 Rings    ('=')
  t - a ring of cold resistance
  q - a ring of levitation
 Wands    ('/')
  u - a wand of create monster (0:13)
  f - a wand of create monster (0:4)
  g - a wand of light (0:14)
  V - a wand of light (0:9)
  R - a wand of magic missile (0:4)
  K - a wand of polymorph (0:4)
 Tools    ('(')
  A - a bugle
  z - a blindfold
  p - a blessed magic marker (0:15)
  i - a magic marker (0:2)
  F - a +0 pick-axe
  x - a skeleton key
  N - a +0 unicorn horn

DaveT the Priest's attributes:

Background:
 You were a Priest, level 11 human.
 You were lawful, on a mission for Lugh
 who was opposed by Brigit (neutral) and Manannan Mac Lir (chaotic).
 You were right-handed.
 You were in the Dungeons of Doom, on level 9.
 You entered the dungeon 18525 turns ago.
 It was nighttime.
 There was a new moon in effect when your adventure ended.
 You had 10355 experience points, 9645 more were needed to attain level 12.

Basics:
 You had 0 out of 87 hit points.
 You had 129 out of 132 energy points (spell power).
 Your armor class was -12.
 Your wallet contained 13488 zorkmids.
 Autopickup was off.

Final Characteristics:
 Your strength was 17 (limit:18/100).
 Your dexterity was 16 (base:14, peak:15, limit:18).
 Your constitution was 18 (limit:18).
 Your intelligence was 11 (limit:18).
 Your wisdom was 18 (limit:18).
 Your charisma was 15 (limit:18).

Final Status:
 You weren't hungry.
 You were burdened; movement was slightly slowed.
 You were wielding a mace.
 You had expert skill with mace.

Final Attributes:
 You were piously aligned.
 You were sleep resistant.
 You were poison resistant.
 You were telepathic.
 You were guarded.
 Your spell casting was impaired by metallic armor, mitigated by your robe.
 You were very fast.
 You had reflection.
 You are dead.

Miscellaneous:
 You didn't encounter any bones levels.
 Total elapsed playing time was 1 hour, 55 minutes and 41 seconds.

Major events:
 Turn
    1: DaveT the lawful human Priest entered the dungeon
 1081: attained the rank of Acolyte (level 3)
 1495: entered the Gnomish Mines
 2850: attained the rank of Adept (level 6)
 3694: reached Mine Town
10480: entered Sokoban
12698: was bestowed with Demonbane by Lugh
14015: attained the rank of Priest (level 10)
14091: completed 1st Sokoban level
15452: completed 2nd Sokoban level
16198: completed 3rd Sokoban level
17983: completed 4th Sokoban level
18525: killed by a chameleon imitating a minotaur

Spells:
 Name                 Level Category     Fail Retention
 healing                1   healing       49%    1%-25%
 cure sickness          3   healing       99%    1%-25%
 wizard lock            2   matter        75%   26%-50%
 protection             1   clerical      67%   31%-40%
 light                  1   clerical      67%   41%-50%
 cure blindness         2   healing       60%   51%-75%
 slow monster           2   enchantment   75%   51%-75%
 drain life             2   attack        75%   51%-75%

Skills:
 Fighting Skills
   bare handed combat [Unskilled]
 Weapon Skills
   club               [Unskilled]
   mace               [Expert]
   morning star       [Unskilled]
   flail              [Unskilled]
   hammer             [Unskilled]
   quarterstaff       [Unskilled]
   polearms           [Unskilled]
   spear              [Unskilled]
   trident            [Unskilled]
   lance              [Unskilled]
   bow                [Unskilled]
   sling              [Unskilled]
   crossbow           [Unskilled]
   dart               [Unskilled]
   shuriken           [Unskilled]
   boomerang          [Unskilled]
   unicorn horn       [Unskilled]
 Spellcasting Skills
   healing spells     [Unskilled]
   divination spells  [Unskilled]
   clerical spells    [Basic]

Voluntary challenges:
 Character rerolling was not enabled.
 You never genocided any monsters.
 You never polymorphed an object.
 You never changed form.
 You used no wishes.
 You violated the special Sokoban rules once.
Achievements:
 You entered a shop.
 You attained the rank of Acolyte.
 You entered the Gnomish Mines.
 You attained the rank of Adept.
 You entered Minetown.
 You entered Sokoban.
 You attained the rank of Priest.

 The Dungeons of Doom: levels 1 to 10
    Level 1:
       Many altars.
    Level 2:
       A sink.
    Level 3:
       A general store.
    Level 4:
       A general store, a fountain.
       Stairs down to The Gnomish Mines.
    Level 5: "vault"
       A fountain.
    Level 6:
       A general store.
    Level 7:
       A fountain.
    Level 8:
       Many fountains.
       Oracle of Delphi.
    Level 9: <- You were here.
       A fountain, a sink.
       Stairs up to Sokoban, level 8.
       Final resting place for
          you, killed by a chameleon imitating a minotaur.
    Level 10:
 The Gnomish Mines: levels 5 to 9
    Level 5:
    Level 6:
    Level 7:
    Level 8:
       An altar, a fountain.
    Level 9:
 Sokoban: levels 8 up to 5
    Level 5:
       Solved.
    Level 6:
       Solved.
    Level 7:
       Solved.
    Level 8:
       Solved.


Vanquished creatures:
  2 giant mimics
  a long worm
  a zruty
  a flesh golem
 an elven monarch
  2 wumpuses
  3 stalkers
 an earth elemental
  2 giant mummies
 an elf-noble
  4 sergeants
  2 wargs
  2 trolls
  a sasquatch
  a wood golem
  a pyrolisk
  a large dog
  a shocking sphere
  a large cat
  2 tigers
  a gargoyle
 an ochre jelly
  a leocrotta
 an energy vortex
  a mountain centaur
  a python
  a cobra
  a carnivorous ape
  2 ettin zombies
  2 soldiers
  2 chameleons
  3 crocodiles
  4 giant beetles
  2 quivering blobs
  3 cockatrices
  3 winter wolf cubs
  a lynx
  2 panthers
  a spotted jelly
  2 leprechauns
 an orc-captain
 an iron piercer
  a giant spider
  a scorpion
  3 horses
  a black light
  2 vampire bats
  a gnome ruler
  3 orc mummies
  a dwarf mummy
 an ogre
  2 brown puddings
  2 owlbears
  a yeti
  a werewolf
  2 Green-elves
  9 lizards
  a dingo
  a dog
  a housecat
  4 jaguars
  a dwarf leader
  a blue jelly
  3 gray unicorns
  2 dust vortices
  2 ravens
  3 snakes
  4 apes
  2 human zombies
  2 soldier ants
  4 fire ants
  6 bugbears
  2 quasits
  a wood nymph
  a water nymph
  3 mountain nymphs
 14 Mordor orcs
  8 Uruk-hai
  4 rock piercers
  a rock mole
  2 ponies
  4 fog clouds
  3 yellow lights
  5 shriekers
  2 violet fungi
 10 gnome leaders
  2 gnomish wizards
  a gray ooze
  2 elf zombies
  a ghoul
  a straw golem
  a paper golem
  6 giant ants
  4 little dogs
  5 floating eyes
  3 kittens
  4 dwarves
  2 homunculi
  a kobold leader
  a kobold shaman
 14 hill orcs
  9 rothes
  a rabid rat
  a centipede
  2 giant bats
  3 monkeys
  8 orc zombies
  2 dwarf zombies
  2 wererats
  a werejackal
  6 iguanas
 10 killer bees
  4 acid blobs
  4 gas spores
  2 hobbits
  a large kobold
 15 hobgoblins
  8 giant rats
  2 cave spiders
  a yellow mold
 29 gnomes
 24 garter snakes
  7 geckos
 17 jackals
  3 foxes
  2 kobolds
  4 goblins
  2 sewer rats
 15 grid bugs
  2 bats
  9 lichens
  3 kobold zombies
 13 newts
456 creatures vanquished.

No species were genocided or became extinct.

Game over:
                       ----------
                      /          \
                     /    REST    \
                    /      IN      \
                   /     PEACE      \
                  /                  \
                  |      DaveT       |
                  |     13488 Au     |
                  |   killed by a    |
                  |    chameleon     |
                  |   imitating a    |
                  |     minotaur     |
                  |       2026       |
                 *|     *  *  *      | *
        _________)/\\_//(\/(/\)/\//\/|_)_______

Goodbye DaveT the Priest...

You died in The Dungeons of Doom on dungeon level 9 with 54110 points,
and 13488 pieces of gold, after 18525 moves.
You were level 11 with a maximum of 87 hit points when you died.

